 Dungeon Crawl Stone Soup version 0.23-a0-8-gb809bb7 (webtiles) character file.

1309 GroovyGamera the Charmwright (level 8, -9/54 HPs)
             Began as a Merfolk Skald on Aug 1, 2018.
             Was a Follower of Hepliaklqana.
             Splashed by a jelly's acid (10 damage)
             ... on level 6 of the Dungeon.
             The game lasted 00:22:23 (7030 turns).

GroovyGamera the Charmwright (Merfolk Skald)        Turns: 7030, Time: 00:22:24

Health: -9/54      AC: 11    Str: 12    XL:     8   Next: 58%
Magic:  15/15      EV:  8    Int: 13    God:    Hepliaklqana [*.....]
Gold:   366        SH:  0    Dex: 19    Spells: 9/16 levels left

rFire    + . .     SeeInvis .   a - +0 spear
rCold    . . .     Gourm    .   (no shield)
rNeg     . . .     Faith    .   c - +0 plate armour
rPois    .         Spirit   .   (no helmet)
rElec    .         Reflect  .   (no cloak)
rCorr    .         Harm     .   (no gloves)
MR       .....                  p - +0 pair of boots
Stlth    ..........             (no amulet)
HPRegen  0.18/turn              e - +4 ring of protection
MPRegen  0.14/turn              y - ring of protection from fire

@: agile, lethally poisoned (-9 -> -19), corroded
A: change form in water, swift swim, stealthy swim, reduced essence
a: Recall Ancestor, Ancestor Identity, Renounce Religion


You were on level 6 of the Dungeon.
You worshipped Hepliaklqana.
Hepliaklqana was aware of your devotion.
You were not hungry.

You visited 1 branch of the dungeon, and saw 6 of its levels.

You collected 366 gold pieces.

Inventory:

Hand Weapons
 a - a +0 spear (weapon)
Missiles
 f - 18 bolts
 v - 6 tomahawks
 B - 15 javelins (quivered)
Armour
 b - a +0 leather armour
 c - a +0 plate armour (worn)
 n - a +0 ring mail
 p - a +0 pair of boots (worn)
Jewellery
 e - a +4 ring of protection (left hand)
 o - a +2 ring of strength
 y - a ring of protection from fire (right hand)
Wands
 u - a wand of clouds (10)
 x - a wand of digging (6)
Scrolls
 g - 4 scrolls of teleportation
 j - 6 scrolls of identify
 k - 4 scrolls of remove curse
 r - a scroll of amnesia {unknown}
 w - 3 scrolls of fog {unknown}
 A - a scroll of blinking {unknown}
Potions
 h - 3 potions of agility
 i - 2 potions of cancellation {unknown}
 l - a potion of mutation
 m - a potion of resistance {unknown}
 q - a potion of ambrosia {unknown}
 s - a potion of heal wounds {unknown}
 t - a potion of magic {unknown}
 z - a potion of degeneration {unknown}
Comestibles
 d - 6 rations
 C - 2 chunks of flesh


   Skills:
 - Level 4.1 Fighting
 - Level 5.3 Polearms
 - Level 0.6 Armour
 - Level 2.6 Dodging
 + Level 4.7 Spellcasting
 + Level 3.2 Hexes
 + Level 6.1 Charms
 + Level 2.7 Necromancy
 + Level 3.4 Invocations


You had 9 spell levels left.
You knew the following spells:

 Your Spells              Type           Power        Failure   Level  Hunger
a - Infusion              Chrm           ###.         98%         1    None
b - Regeneration          Chrm/Necr      ##........   100%        3    ###....
c - Spectral Weapon       Hex/Chrm       ###.....     100%        3    ###....

Your spell library contained the following spells:

 Spells                   Type           Power        Failure   Level  Hunger
 Shroud of Golubria       Chrm/Tloc      ##........   100%        2    ##.....
 Song of Slaying          Chrm           ###.....     99%         2    ##.....


Dungeon Overview and Level Annotations

Branches:
Dungeon (6/15)             Temple (0/1) D:4

Altars:
Ashenzari
Cheibriados
Elyvilon
Hepliaklqana
Trog
Uskayaw
Wu Jian
Xom
Zin
The Shining One

Annotations:
D:2 Sigmund


Message History

* * * LOW HITPOINT WARNING * * *
You feel sick. The jelly barely misses you.
You hit the jelly. The acid corrodes you!
Your hands burn!
* * * LOW HITPOINT WARNING * * *
The jelly is moderately wounded.
* * * LOW HITPOINT WARNING * * *
You feel sick. The jelly hits you but does no damage.
You hit the jelly but do no damage.
Your hands burn!
* * * LOW HITPOINT WARNING * * *
The jelly is moderately wounded.
* * * LOW HITPOINT WARNING * * *
You feel sick.
You hit the jelly but do no damage.
Your hands burn!
* * * LOW HITPOINT WARNING * * *
The jelly is moderately wounded.
* * * LOW HITPOINT WARNING * * *
You feel sick. The jelly hits you.
* * * LOW HITPOINT WARNING * * *
You are splashed with acid!
The acid burns!
You die...

....### # ......# #
......# # ......# #
......# # ......#
###### #.....# #.....
#.....#############.#
#.....
..#............R@J..#
##.....
###........##########
#...... #..........#
#.....# ..........[#
###.....#
.[....######
#.......# #.....#
######### ###)#.#
###.#.# ..))#.#


You could see the friendly Ariel the ancestor and a jelly.

Vanquished Creatures
  An ice beast (D:5)
  3 eyes of draining (D:3)
  A centaur (D:6)
  A scorpion (D:5)
  A howler monkey (D:6)
  An orc priest (D:5)
  A hound (D:4)
  4 worker ants
  4 adders
  2 worms
  A dart slug (D:1)
  4 leopard geckos
  9 orcs
  A ball python (D:4)
  7 bats
  2 giant cockroaches
  5 goblins
  2 hobgoblins (D:1)
  A quokka (D:2)
  A frilled lizard (D:1)
  A jackal skeleton (D:4)
  8 kobolds
  10 rats
71 creatures vanquished.

Vanquished Creatures (collateral kills)
  An ice beast (D:6)
  An ogre (D:6)
  A scorpion (D:6)
  A howler monkey (D:6)
  A crimson imp (D:6)
  A hound (D:5)
  An orc priest (D:5)
  An orc wizard (D:4)
  3 worker ants
  2 iguanas (D:4)
  A mummy (D:6)
  An adder (D:6)
  2 shadow imps (D:5)
  An adder skeleton (D:6)
  An orc (D:6)
  2 quokkas
  A frilled lizard (D:4)
  A giant cockroach zombie (D:5)
23 creatures vanquished.

Vanquished Creatures (others)
  An ancestor (D:5)
1 creature vanquished.

Grand Total: 95 creatures vanquished

Notes
Turn   | Place    | Note
-------+----------+-------------------------------------------
     0 | D:1      | GroovyGamera the Merfolk Skald began the quest for the Orb.
     0 | D:1      | Reached XP level 1. HP: 16/16 MP: 3/3
   121 | D:1      | Reached XP level 2. HP: 16/23 MP: 5/5
   999 | D:2      | Noticed Sigmund
  1071 | D:2      | Reached XP level 3. HP: 28/28 MP: 6/6
  1856 | D:3      | Found a shattered altar of Ashenzari.
  1876 | D:3      | Noticed an eye of draining
  1877 | D:3      | Noticed an eye of draining
  1931 | D:3      | Killed an eye of draining
  1931 | D:3      | Reached skill level 4 in Charms
  1931 | D:3      | Reached XP level 4. HP: 33/35 MP: 1/8
  1931 | D:3      | Reached XP level 5. HP: 38/41 MP: 1/9
  1963 | D:3      | Killed an eye of draining
  1968 | D:3      | Noticed an eye of draining
  1996 | D:3      | Killed an eye of draining
  1996 | D:3      | Reached skill level 5 in Polearms
  1996 | D:3      | Reached XP level 6. HP: 48/48 MP: 0/11
  2006 | D:3      | Found a bloodstained altar of Trog.
  2137 | D:3      | Found an ornate altar of the Wu Jian Council.
  2207 | D:3      | Found a white marble altar of Elyvilon.
  2504 | D:3      | Learned a level 3 spell: Regeneration
  2508 | D:3      | Learned a level 3 spell: Spectral Weapon
  3193 | D:4      | Found a hazy altar of Hepliaklqana.
  3226 | D:4      | Became a worshipper of Hepliaklqana the Forgotten
  3268 | D:4      | Found a hide-covered altar of Uskayaw.
  3754 | D:4      | Found a staircase to the Ecumenical Temple.
  4100 | D:4      | Reached skill level 5 in Charms
  4100 | D:4      | Reached skill level 1 in Invocations
  4100 | D:4      | Reached XP level 7. HP: 48/48 MP: 12/12
  4282 | D:5      | Entered Level 5 of the Dungeon
  4295 | D:5      | Reached skill level 1 in Hexes
  4467 | D:4      | Reached skill level 1 in Necromancy
  4690 | D:5      | Found a transporter.
  4705 | D:5      | Found a transporter.
  4882 | D:5      | Reached * piety under Hepliaklqana
  5945 | D:6      | Reached XP level 8. HP: 25/54 MP: 14/14
  6429 | D:6      | Found a snail-covered altar of Cheibriados.
  6645 | D:6      | Reached skill level 6 in Charms
  6871 | D:6      | Found a glowing silver altar of Zin.
  6871 | D:6      | Noticed an angel
  6873 | D:6      | Found a shimmering altar of Xom.
  6963 | D:6      | Found a glowing golden altar of the Shining One.
  7030 | D:6      | HP: 1/54 [jelly (2)]
  7030 | D:6      | Splashed by a jelly's acid

Vault maps used:
D:1:      nagdon_arrival_zigzag_paths, minmay_ruptured
D:2:      grunt_temple_overflow_forces_of_nature, minmay_surrounded,
          uniq_terence, uniq_sigmund, uniq_jessica, uniq_robin
D:3:      lemuel_crystal_altar, lemuel_doored_altar, trog_eyes_of_draining,
          marbit_many_paths, minivault_24
D:4:      eat_drink_and_be_merry_uskayaw, old_standard_altar,
          minmay_temple_entry_grid, first_ration
D:5:      gammafunk_wand_slinger, minmay_item_behind_shaft,
          lemuel_flamethrower_1
D:6:      grunt_temple_overflow_order_and_chaos_1, slow_altar_2,
          lemuel_round_altar, gammafunk_ghost_split, minmay_three_doors

Skill      XL: |  1  2  3  4  5  6  7  8 |
---------------+-------------------------+-----
Fighting       | 3 4 |  4.1
Polearms       | 4 5 |  5.3
Charms         | 4 5 6 |  6.1
Spellcasting   | 3 4 |  4.7
Invocations    | 1 2 3 |  3.4
Hexes          | 2 3 |  3.2
Necromancy     | 2 |  2.7
Armour         | |  0.6
Dodging        | |  2.6

Action                   |  1- 3 |  4- 6 |  7- 9 || total
-------------------------+-------+-------+-------++-------
Melee: Spear             |   196 |   205 |   290 ||   691
       Tailslap          |       |       |     3 ||     3
Throw: Tomahawk          |       |       |     6 ||     6
       Javelin           |       |       |    11 ||    11
Invok: Ancestor Identity |       |     1 |       ||     1
  Use: Scroll            |     1 |     5 |       ||     6
       Potion            |       |       |     4 ||     4
  Eat: Chunk             |     1 |     3 |     6 ||    10
       Ration            |     1 |     1 |     1 ||     3
Armor: Plate armour      |   151 |    31 |   191 ||   373
       Ring mail         |       |    26 |       ||    26
Dodge: Dodged            |    21 |    42 |    31 ||    94

Table legend:
 A = Spawn XP
 B = Non-spawn XP
 C = Spawn XP percentage of total XP
 D = Spawn monster count
 E = Non-spawn monster count
 F = Spawn count percentage of total count
 G = Total turns spent on level
                    A         B        C        D         E        F      G
               +---------+---------+-------+---------+---------+-------+---------
         Total |       0 |    1871 |   0.0 |       0 |      94 |   0.0 |  7030
               +---------+---------+-------+---------+---------+-------+---------
           D:1 |       0 |      35 |   0.0 |       0 |      22 |   0.0 |  1485
           D:2 |       0 |      16 |   0.0 |       0 |       7 |   0.0 |   130
           D:3 |       0 |     393 |   0.0 |       0 |      16 |   0.0 |  1380
           D:4 |       0 |     257 |   0.0 |       0 |      14 |   0.0 |  1600
           D:5 |       0 |     468 |   0.0 |       0 |      16 |   0.0 |  1506
           D:6 |       0 |     702 |   0.0 |       0 |      19 |   0.0 |   929
               +---------+---------+-------+---------+---------+-------+---------
